 Dungeon Sprint DCSS version 0.24-a0-244-ga6a6ab7 (webtiles) character file.

Game seed: 15302930354791373814

288179 MikeHunt the Slayer (level 13, 108/108 HPs)
             Began as a Gargoyle Fighter on Apr 10, 2019.
             Was the Champion of Okawaru.
             Escaped with the Orb!
             The game lasted 00:37:50 (5851 turns).

MikeHunt the Slayer (Gargoyle Fighter)              Turns: 5851, Time: 00:37:51

Health: 108/108    AC: 39    Str: 18    XL:     13   Next: 75%
Magic:  17/17      EV: 13    Int:  6    God:    Okawaru [******]
Gold:   936        SH:  4    Dex: 15    Spells: 12/12 levels left

rFire    + + +     SeeInvis +   t - +7 great mace "Firestarter" {inner flame, rF++}
rCold    + + .     Gourm    .   (shield currently unavailable)
rNeg     + . .     Faith    .   p - +1 shadow dragon scales of Tender Moments {god gift, rElec rC+ Int-2 SInv Stlth++++}
rPois    ∞         Spirit   .   q - +1 helmet of Fun {Regen+ rCorr Dex+4}
rElec    +         Reflect  +   u - scarf {rC+ rF+}
rCorr    +         Harm     .   k - +3 pair of gauntlets of War {Slay+5}
MR       ++...     NoTele   +   o - +2 pair of boots
Stlth    +.........             v - +4 amulet of reflection
HPRegen  0.68/turn              w - +5 ring of protection
MPRegen  0.15/turn              J - ring of Enkaetau {rF+ MR++}

@: no status effects
A: slimy green scales 1, blurry vision 1, clumsy 1, deformed body, deterioration
2, low mp 1, negative energy resistance 1, electricity resistance, weak 2,
unbreathing, petrification resistance, rot immunity, AC +9
0: Orb of Zot
a: Heroism, Finesse, Renounce Religion


You escaped.
You worshipped Okawaru.
Okawaru was exalted by your worship.
You were not hungry.

You visited 1 branch You collected 6031 gold pieces.
You spent 5095 gold pieces at shops.

Inventory:

Hand Weapons
 a - a +0 flail
 j - a -1 blowgun
 l - a +3 morningstar of protection
 t - the +7 great mace "Firestarter" (weapon) {inner flame, rF++}
   (You found it in the Dungeon)

   It has been specially enchanted to burn those struck by it, causing extra
   injury to most foes and up to half again as much damage against particularly
   susceptible opponents.
   It greatly protects you from fire.
 D - the +9 rapier of Chagrin {god gift, pain, MR+}
   (Okawaru gifted it to you in the Dungeon)

   In the hands of one skilled in necromantic magic, it inflicts extra damage on
   living creatures.
   It affects your resistance to hostile enchantments.
 E - the +4 great mace of Xopigak {venom, Str+3}
   (You found it in the Dungeon)

   It poisons the flesh of those it strikes.
   It affects your strength (+3).
Missiles
 h - 3 curare-tipped needles
Armour
 c - a +0 shield
 g - the +1 robe of the Villain {god gift, rC+}
   (Okawaru gifted it to you in the Dungeon)

   It protects you from cold.
 k - the +3 pair of gauntlets of War (worn) {Slay+5}
   (You bought it in a shop in the Dungeon)

   It affects your accuracy and damage with ranged weapons and melee attacks
   (+5).
 o - a +2 pair of boots (worn)
 p - the +1 shadow dragon scales of Tender Moments (worn) {god gift, rElec rC+ Int-2 SInv Stlth++++}
   (Okawaru gifted it to you in the Dungeon)

   It affects your intelligence (-2).
   It protects you from cold.
   It insulates you from electricity.
   It lets you see invisible.
   It makes you much more stealthy.
 q - the +1 helmet of Fun (worn) {Regen+ rCorr Dex+4}
   (You found it in the Dungeon)

   It affects your dexterity (+4).
   It increases your rate of regeneration.
   It provides partial protection from all sources of acid and corrosion.
 s - a +0 plate armour of cold resistance
 u - a scarf of resistance (worn)
Jewellery
 v - a +4 amulet of reflection (around neck)
 w - a +5 ring of protection (left hand)
 x - an uncursed ring of flight
 G - an uncursed amulet of regeneration
 H - a -2 ring of intelligence
 J - the ring of Enkaetau (right hand) {rF+ MR++}
   (You found it in the Dungeon)

   [ring of protection from fire]

   It protects you from fire.
   It affects your resistance to hostile enchantments.
 K - an uncursed ring of protection from magic
Wands
 m - a wand of flame (8)
 n - a wand of polymorph (2)
 y - a wand of iceblast (14)
 N - a wand of acid (35)
 O - a wand of scattershot (6)
Scrolls
 f - a scroll of amnesia
 A - a scroll of random uselessness
 B - a scroll of enchant armour
 F - 2 scrolls of fear
Potions
 b - 2 potions of agility
 e - 4 potions of curing
 i - 2 potions of magic
 C - a potion of heal wounds
 M - a potion of might
Miscellaneous
 r - 2 phantom mirrors
 z - a lightning rod (4/4)
 I - a phial of floods
Comestibles
 d - a ration


   Skills:
 - Level 23.2 Fighting
 - Level 17.2 Maces & Flails
 - Level 13.4 Armour
 - Level 10.3 Dodging
 - Level 10.1 Shields
 - Level 7.2 Invocations
 + Level 8.3 Evocations


You had 12 spell levels left.
You didn't know any spells.
Your spell library was empty.

Dungeon Overview and Level Annotations

Branches:
Dungeon (1/1)

Altars:
Cheibriados
Dithmenos
Elyvilon
Fedhas
Gozag
Hepliaklqana
Kikubaaqudgha
Makhleb
Nemelex Xobeh
Okawaru
Qazlal
Ru
Sif Muna
Trog
Uskayaw
Vehumet
Wu Jian
Xom
Yredelemnul
Zin
The Shining One
Jiyva
Lugonu

Shops:
D =*:[(:=??([**[[}*(}[(:

Annotations:
D Lom Lobon, Tiamat


Innate Abilities, Weirdness & Mutations

You are resistant to torment.
Your stone body is resilient. (AC +9)
You are immune to poison.
You resist negative energy. (rN+)
You are resistant to electric shocks. (rElec)
You can survive without breathing.
You are immune to petrification.
You are immune to rotting.
You are partially covered in slimy green scales. (AC +2)
Scrolls take you a little longer to read.
You are clumsy. (Dex -2)
Armour fits poorly on your strangely shaped body.
Your body often deteriorates upon taking damage.
Your magical capacity is low. (-10% MP)
You are very weak. (Str -4)


Message History

Lom Lobon gestures.
A great vortex of raging winds appears around Lom Lobon!
Which direction?
You close the door.
There is an open door here.
You close the door.
You hear a shout!
Things that are here:
a +0 scythe; a +0 robe
There is an open door here.
You close the door.
There is an open door here.
You see here a +0 giant club.
You close the door.
Things that are here:
a +0 club; a +0 leather armour
There is an open door here.
You close the door.
There is a staircase leading out of the dungeon here.
You have escaped!

##################
#@.#.)+..#..+..#__
#..+).#..+).#..+..
#..#####+#####'#__
#..#### #...#.###
#..#__####..##)#≈≈
#..#_____##)#_)')§
#⌠⌠#_.∩...'..._#≈≈
####_..__##_.#'##§
#_____###'#.#..


There were no monsters in sight!

Vanquished Creatures
  the Lernaean hydra (D)
  A golden dragon (D)
  A shadow dragon (D)
  4 fire giants (D)
  A deep elf annihilator (D)
  A lorocyproca (D)
  A mummy priest (D)
  A hydra (D)
  2 centaur warriors (D)
  7 unseen horrors (D)
  A deep troll (D)
  A lindwurm (D)
  8 shining eyes (D)
  A salamander (D)
  2 oklob plants (D)
  2 merfolk sirens (D)
  A gargoyle (D)
  2 kobold demonologists (D)
  A hellwing (D)
  4 demonic crawlers (D)
  4 hornets (D)
  Sigmund (D)
  A slime creature (D)
  2 redbacks (D)
  A yak (D)
  13 hogs (D)
  An acid dragon (D)
  6 floating eyes (D)
  7 necrophages (D)
  An ogre (D)
  8 jellies (D)
  Ijyb (D)
  4 ballistomycetes (D)
93 creatures vanquished.

Vanquished Creatures (others)
  A deep elf master archer (D)
  A gargoyle (D)
  A hornet (D)
  2 ballistomycete spores (D)
5 creatures vanquished.

Grand Total: 98 creatures vanquished

Notes
Turn   | Place    | Note
-------+----------+-------------------------------------------
     0 | D        | MikeHunt the Gargoyle Fighter began the quest for the Orb.
     0 | D        | Reached XP level 1. HP: 14/14 MP: 1/1
     2 | D        | Noticed Ijyb
    13 | D        | Killed Ijyb
    13 | D        | Reached skill level 5 in Shields
    13 | D        | Reached XP level 2. HP: 13/19 MP: 2/2
    13 | D        | Reached XP level 3. HP: 15/23 MP: 3/3
   116 | D        | Noticed an ogre
   122 | D        | Killed an ogre
   122 | D        | Reached XP level 4. HP: 16/28 MP: 4/4
   253 | D        | Noticed Sigmund
   267 | D        | Killed Sigmund
   267 | D        | Reached skill level 10 in Shields
   267 | D        | Reached XP level 5. HP: 32/32 MP: 5/5
   267 | D        | Reached XP level 6. HP: 37/37 MP: 6/6
   324 | D        | Found a deep blue altar of Sif Muna.
   325 | D        | Found an ornate altar of the Wu Jian Council.
   326 | D        | Found a radiant altar of Vehumet.
   427 | D        | Killed a gargoyle
   453 | D        | Found Lumm's Armour Emporium.
   453 | D        | Found an ancient bone altar of Kikubaaqudgha.
   453 | D        | Found a hazy altar of Hepliaklqana.
   453 | D        | Found a stormy altar of Qazlal.
   453 | D        | Found a hide-covered altar of Uskayaw.
   453 | D        | Found a blossoming altar of Fedhas.
   453 | D        | Found a bloodstained altar of Trog.
   453 | D        | Found an iron altar of Okawaru.
   453 | D        | Found a basalt altar of Yredelemnul.
   453 | D        | Found a glowing golden altar of the Shining One.
   453 | D        | Found a snail-covered altar of Cheibriados.
   453 | D        | Found a sacrificial altar of Ru.
   453 | D        | Found a glowing silver altar of Zin.
   453 | D        | Found a shadowy altar of Dithmenos.
   453 | D        | Found a white marble altar of Elyvilon.
   453 | D        | Noticed a yak
   462 | D        | Killed a yak
   462 | D        | Reached XP level 7. HP: 38/41 MP: 7/7
   463 | D        | Found an opulent altar of Gozag.
   464 | D        | Found a sparkling altar of Nemelex Xobeh.
   469 | D        | Became a worshipper of Warmaster Okawaru
   471 | D        | Bought a +0 pair of gloves for 58 gold pieces
   486 | D        | Noticed a centaur warrior
   504 | D        | Noticed a centaur warrior
   522 | D        | Killed a centaur warrior
   522 | D        | Reached * piety under Okawaru
   522 | D        | Reached ** piety under Okawaru
   522 | D        | Reached XP level 8. HP: 38/46 MP: 8/8
   532 | D        | Killed a centaur warrior
   532 | D        | Reached *** piety under Okawaru
   532 | D        | Reached skill level 6 in Fighting
   532 | D        | Reached XP level 9. HP: 37/56 MP: 9/9
   698 | D        | Found a viscous altar of Jiyva.
   698 | D        | Found a corrupted altar of Lugonu.
   699 | D        | Found a burning altar of Makhleb.
   699 | D        | Found a shimmering altar of Xom.
   710 | D        | Reached skill level 1 in Invocations
   710 | D        | Reached skill level 1 in Evocations
   725 | D        | Noticed a kobold demonologist
   737 | D        | Killed a kobold demonologist
   737 | D        | Reached skill level 7 in Fighting
   737 | D        | Paralysed by a floating eye for 3 turns
   744 | D        | Noticed a kobold demonologist
   744 | D        | Noticed a demonic crawler
   744 | D        | Noticed a demonic crawler
   744 | D        | Noticed a demonic crawler
   744 | D        | Noticed a demonic crawler
   757 | D        | Killed a demonic crawler
   757 | D        | Reached **** piety under Okawaru
   757 | D        | Reached skill level 5 in Dodging
   757 | D        | Noticed a rust devil
   760 | D        | Noticed a red devil
   816 | D        | Killed a demonic crawler
   816 | D        | Reached skill level 8 in Fighting
   823 | D        | Noticed an ice devil
   824 | D        | Killed a kobold demonologist
   849 | D        | Killed a demonic crawler
   849 | D        | Reached ***** piety under Okawaru
   849 | D        | Reached skill level 5 in Invocations
   868 | D        | Killed a demonic crawler
   868 | D        | Reached XP level 10. HP: 16/65 MP: 10/14
  1142 | D        | Noticed a lindwurm
  1162 | D        | Killed a lindwurm
  1162 | D        | Reached skill level 9 in Fighting
  1162 | D        | Reached skill level 5 in Evocations
  1213 | D        | Noticed a gargoyle
  1232 | D        | Killed a gargoyle
  1451 | D        | Noticed Sonja
  1452 | D        | Noticed Sonja
  1452 | D        | Sonja changed into Sonja the acid dragon
  1460 | D        | Killed Sonja the acid dragon
  1551 | D        | Noticed a deep troll
  1572 | D        | Killed a deep troll
  1782 | D        | Found Icisuokhlyf's Armour Emporium.
  1789 | D        | Bought the +3 pair of gauntlets of War {Slay+5} for 570
                  | gold pieces
  1789 | D        | Found the +3 pair of gauntlets of War {Slay+5}
  1799 | D        | Bought a +0 pair of boots for 54 gold pieces
  1875 | D        | Reached skill level 10 in Fighting
  1875 | D        | Reached skill level 10 in Armour
  1882 | D        | Received a gift from Okawaru
  1921 | D        | Got warped shadow dragon scales {god gift}
  1935 | D        | Identified the +1 shadow dragon scales of Tender Moments
                  | {god gift, rElec rC+ Int-2 SInv Stlth++++} (Okawaru gifted
                  | it to you in the Dungeon)
  1978 | D        | Reached XP level 11. HP: 34/73 MP: 16/16
  2147 | D        | Reached skill level 11 in Fighting
  2154 | D        | Noticed a daeva
  2186 | D        | Noticed a 12-headed hydra
  2188 | D        | Paralysed by a floating eye for 3 turns
  2194 | D        | Noticed a salamander
  2194 | D        | a floating eye changed into a salamander
  2206 | D        | Killed a 12-headed hydra
  2230 | D        | Killed a salamander
  2779 | D        | Noticed a shadow dragon
  2780 | D        | Noticed a golden dragon
  2804 | D        | Noticed a deep elf annihilator
  2905 | D        | Noticed a lorocyproca
  2919 | D        | Killed a lorocyproca
  2919 | D        | Reached skill level 12 in Fighting
  3032 | D        | Noticed an oklob plant
  3192 | D        | Killed an oklob plant
  3222 | D        | Noticed an unseen horror
  3222 | D        | Noticed an unseen horror
  3231 | D        | Killed an unseen horror
  3254 | D        | Killed an unseen horror
  3254 | D        | Reached skill level 13 in Fighting
  3254 | D        | Reached skill level 10 in Dodging
  3458 | D        | Got a heavily runed helmet
  3464 | D        | Identified the +1 helmet of Fun {Regen+ rCorr Dex+4} (You
                  | found it in the Dungeon)
  3522 | D        | Found Haiseby's Magic Scroll Shoppe.
  3522 | D        | Found Gakuorgh's Jewellery Shop.
  3522 | D        | Found Elinor's Magic Scroll Boutique.
  3524 | D        | Found Byugesk's Antique Weapon Emporium.
  3524 | D        | Found Loig's Armour Shop.
  3524 | D        | Found Zyuhef's Assorted Antiques.
  3524 | D        | Found Dovewkon's General Store.
  3524 | D        | Found Ithraatwo's Antique Armour Emporium.
  3524 | D        | Found Juina's Armour Shop.
  3524 | D        | Found Ashrunn's Gadget Shoppe.
  3528 | D        | Found Ixzionk's Assorted Antiques.
  3529 | D        | Found Votize's Gadget Emporium.
  3529 | D        | Found Jiarexi's Antique Weapon Boutique.
  3530 | D        | Found Esorphuf's Antique Weapon Emporium.
  3539 | D        | Bought a runed morningstar for 133 gold pieces
  3548 | D        | Bought a scarf of resistance for 416 gold pieces
  3560 | D        | Bought a +4 amulet of reflection for 297 gold pieces
  3560 | D        | Bought a +5 ring of protection for 605 gold pieces
  3678 | D        | Found Ylinn's Jewellery Boutique.
  3687 | D        | Noticed a shining eye
  3687 | D        | Noticed a shining eye
  3687 | D        | Noticed a shining eye
  3736 | D        | Bought a forked silver wand for 100 gold pieces
  3825 | D        | Reached skill level 15 in Maces & Flails
  3833 | D        | Reached ****** piety under Okawaru
  3840 | D        | Killed a deep elf annihilator
  3840 | D        | Received a gift from Okawaru
  3840 | D        | Reached skill level 14 in Fighting
  3840 | D        | Reached XP level 12. HP: 85/85 MP: 17/17
  3841 | D        | Got an ichor-stained scale mail {god gift}
  3857 | D        | Identified the +0 scale mail of Fipot {god gift, rElec MP+9
                  | Int-4} (Okawaru gifted it to you in the Dungeon)
  3884 | D        | Noticed a mummy priest
  3923 | D        | Killed a golden dragon
  3923 | D        | Reached skill level 15 in Fighting
  3946 | D        | Killed a shadow dragon
  3946 | D        | Reached skill level 16 in Fighting
  4007 | D        | Found Acziwn's Book Shoppe.
  4118 | D        | Reached skill level 17 in Fighting
  4177 | D        | Received a gift from Okawaru
  4180 | D        | Reached skill level 18 in Fighting
  4182 | D        | Got a scorched rapier {god gift}
  4183 | D        | Identified the +9 rapier of Chagrin {god gift, pain, MR+}
                  | (Okawaru gifted it to you in the Dungeon)
  4232 | D        | Noticed a fire giant
  4249 | D        | Killed a fire giant
  4256 | D        | Noticed a fire giant
  4257 | D        | Noticed a fire giant
  4257 | D        | Noticed a fire giant
  4275 | D        | Killed a fire giant
  4275 | D        | Reached skill level 19 in Fighting
  4275 | D        | Reached XP level 13. HP: 100/100 MP: 15/18
  4280 | D        | Killed a fire giant
  4280 | D        | Reached skill level 20 in Fighting
  4289 | D        | Killed a fire giant
  4348 | D        | Identified the +4 dragonskin cloak
  4348 | D        | Noticed Tiamat
  4540 | D        | Killed a deep elf master archer
  4696 | D        | Bought a potion of heal wounds for 55 gold pieces
  4696 | D        | Bought a potion of agility for 44 gold pieces
  4696 | D        | Bought a scroll of identify for 22 gold pieces
  4745 | D        | Paralysed by a floating eye for 2 turns
  4748 | D        | Paralysed by a floating eye for 2 turns
  4772 | D        | Gained mutation: Armour fits poorly on your strangely
                  | shaped body. [a shining eye]
  4774 | D        | Received a gift from Okawaru
  4775 | D        | Got a tattered robe {god gift}
  4780 | D        | Gained mutation: You are weak. (Str -2) [a shining eye]
  4781 | D        | Reached skill level 21 in Fighting
  4798 | D        | Gained mutation: Scrolls take you a little longer to read.
                  | [a shining eye]
  4811 | D        | Paralysed by a floating eye for 2 turns
  4833 | D        | Gained mutation: You are clumsy. (Dex -2) [a shining eye]
  4838 | D        | Gained mutation: Your magical capacity is low. (-10% MP) [a
                  | shining eye]
  4840 | D        | Gained mutation: Your body sometimes deteriorates upon
                  | taking damage. [a shining eye]
  4844 | D        | Gained mutation: You are partially covered in slimy green
                  | scales. (AC +2) [a shining eye]
  4845 | D        | Gained mutation: You are very weak. (Str -4) [a shining
                  | eye]
  4849 | D        | Gained mutation: Your body often deteriorates upon taking
                  | damage. [a shining eye]
  4853 | D        | Reached skill level 22 in Fighting
  4871 | D        | Found Mova's Antique Weapon Shop.
  4871 | D        | Found Zogugh's General Store.
  4871 | D        | Found Wigedoc's Book Boutique.
  4871 | D        | Found Juomarche's Book Emporium.
  4897 | D        | Identified the +1 robe of the Villain {god gift, rC+}
                  | (Okawaru gifted it to you in the Dungeon)
  4915 | D        | Bought a glowing morningstar for 217 gold pieces
  5005 | D        | Noticed Lom Lobon
  5037 | D        | Found the +7 great mace "Firestarter" {inner flame, rF++}
  5051 | D        | Got an ichor-stained great mace
  5064 | D        | Noticed the 27-headed Lernaean hydra
  5076 | D        | Killed the 27-headed Lernaean hydra
  5076 | D        | Reached skill level 23 in Fighting
  5128 | D        | Identified the +4 great mace of Xopigak {venom, Str+3} (You
                  | found it in the Dungeon)
  5408 | D        | Got a faintly glowing turquoise ring
  5411 | D        | Identified the ring of Enkaetau {rF+ MR++} (You found it in
                  | the Dungeon)
  5544 | D        | Bought an uncursed ring of flight for 175 gold pieces
  5557 | D        | Bought a potion of curing for 39 gold pieces
  5610 | D        | Bought an orange potion for 22 gold pieces
  5610 | D        | Bought a scroll of identify for 50 gold pieces
  5612 | D        | Bought a potion of agility for 100 gold pieces
  5621 | D        | Bought a phantom mirror for 660 gold pieces
  5621 | D        | Bought a potion of might for 88 gold pieces
  5624 | D        | Bought a wand of acid (9) for 260 gold pieces
  5624 | D        | Bought a wand of acid (14) for 360 gold pieces
  5624 | D        | Bought a wand of iceblast (11) for 150 gold pieces
  5624 | D        | Bought a wand of acid (12) for 320 gold pieces
  5624 | D        | Bought a wand of scattershot (6) for 300 gold pieces
  5698 | D        | Killed a mummy priest
  5767 | D        | Got the Orb of Zot
  5851 | D        | Escaped with the Orb!

Levels and vault maps discovered:
D:        dungeon_sprint_1 [red_sonja_temple_1, red_sonja_temple_small_1]

Skill      XL: |  1  2  3  4  5  6  7  8  9 10 11 12 13 |
---------------+----------------------------------------+-----
Maces & Flails | 4 6 9 11 14 15 17 | 17.2
Shields        | 5 7 10 | 10.1
Fighting       | 6 8 10 14 19 23 | 23.2
Armour         | 6 8 10 13 | 13.4
Dodging        | 3 6 8 10 | 10.3
Invocations    | 5 7 |  7.2
Evocations     | 4 7 8 |  8.3

Action                   |  1- 3 |  4- 6 |  7- 9 | 10-12 | 13-15 || total
-------------------------+-------+-------+-------+-------+-------++-------
Melee: Flail             |    13 |    24 |    90 |   301 |       ||   428
       Morningstar       |       |       |       |   124 |    97 ||   221
       Great mace        |       |       |       |       |    13 ||    13
 Fire: Blowgun           |       |       |       |     4 |       ||     4
Invok: Heroism           |       |       |     3 |     6 |     2 ||    11
       Finesse           |       |       |       |     1 |     2 ||     3
Evoke: Wand              |     2 |     4 |     1 |    10 |       ||    17
  Use: Potion            |       |       |     3 |     1 |     2 ||     6
       Scroll            |       |       |     1 |     1 |     8 ||    10
 Stab: Sleeping          |       |       |       |     2 |       ||     2
  Eat: Ration            |       |       |       |     3 |     2 ||     5
       Chunk             |       |       |       |     1 |     1 ||     2
Armor: Scale mail        |     4 |     3 |    31 |    20 |       ||    58
       Skin              |       |     2 |       |       |       ||     2
       Shadow dragon sca |       |       |       |   199 |    78 ||   277
Dodge: Dodged            |       |     3 |    35 |   161 |    30 ||   229
Block: Shield            |     5 |     9 |    39 |   226 |    30 ||   309
       Reflection        |       |       |       |       |     1 ||     1

Table legend:
 A = Non-vault XP
 B = Vault XP
 C = Vault XP percentage of total XP
 D = Non-vault monster count
 E = Vault monster count
 F = Vault count percentage of total count
                 A         B        C        D         E       F
            +---------+---------+-------+---------+---------+-------
      Total |       0 |   48828 | 100.0 |       0 |      89 | 100.0
            +---------+---------+-------+---------+---------+-------
          D |       0 |   48828 | 100.0 |       0 |      89 | 100.0
            +---------+---------+-------+---------+---------+-------
